 Dungeon Crawl Stone Soup version 0.22-a0-612-gd2f0174 (webtiles) character file.

2527 iamserjio the Cleaver (level 9, -5/84 HPs)
             Began as a Naga Berserker on July 11, 2018.
             Was a Priest of Trog.
             Slain by a death yak (12 damage)
             ... on level 8 of the Dungeon.
             The game lasted 00:17:29 (2301 turns).

iamserjio the Cleaver (Naga Berserker)              Turns: 2301, Time: 00:17:29

Health: -5/84      AC: 14    Str: 22    XL:     9   Next: 54%
Magic:  0/9        EV: 10    Int: 11    God:    Trog [***...]
Gold:   95         SH:  0    Dex: 11    Spells: 8/8 levels left

rFire    + + .     SeeInvis +   E - +1 dire flail "Paasita" {chaos, Str+3}
rCold    + . .     Gourm    .   (shield currently unavailable)
rNeg     . . .     Faith    .   l - +0 plate armour
rPois    +         Spirit   +   (no helmet)
rElec    .         Reflect  .   i - scarf {rC+ rF+}
rCorr    .         Harm     .   (no gloves)
MR       +....                  (no barding)
Stlth    ..........             f - amulet of guardian spirit (curse)
HPRegen  0.24/turn              y - +5 ring of evasion
MPRegen  0.11/turn              F - ring "Betug" {rF+ AC+4}

@: berserk cooldown, very slow
A: large, see invisible, deformed body, poison resistance, slowness 2, slow
metabolism 1, spit poison 1, AC +3
a: Spit Poison, Berserk, Trog's Hand, Renounce Religion


You were on level 8 of the Dungeon.
You worshipped Trog.
Trog was most pleased with you.
You were near starving.

You visited 1 branch of the dungeon, and saw 9 of its levels.

You collected 320 gold pieces.
You spent 225 gold pieces at shops.

Inventory:

Hand Weapons
 a - a +0 hand axe
 t - a +2 hand axe of chopping
 v - a cursed -2 flail
 E - the +1 dire flail "Paasita" (weapon) {chaos, Str+3}
   (You bought it in a shop on level 8 of the Dungeon)

   Each time it hits an enemy it has a different, random effect.
   It affects your strength (+3).
Armour
 b - a +0 animal skin
 i - a scarf of resistance (worn)
 l - a +0 plate armour (worn)
Jewellery
 f - a cursed amulet of guardian spirit (around neck)
 g - a +3 amulet of reflection
 w - an uncursed ring of resist corrosion
 y - a +5 ring of evasion (left hand)
 F - the ring "Betug" (right hand) {rF+ AC+4}
   (You found it on level 8 of the Dungeon)

   [ring of protection]

   It affects your AC (+4).
   It protects you from fire.
Wands
 k - a wand of iceblast (3)
 m - a wand of random effects (28)
 r - a wand of polymorph (8)
 x - a wand of flame (39)
 z - a wand of paralysis (9)
 C - a wand of scattershot (7)
Scrolls
 h - 2 scrolls of enchant armour
 n - 3 scrolls of amnesia
 p - a scroll of enchant weapon
 A - 2 scrolls of teleportation {unknown}
 B - 2 scrolls of immolation {unknown}
 D - 2 scrolls of identify {@r1}
 G - a scroll of remove curse {unknown}
Potions
 d - 5 potions of heal wounds
 e - a potion of brilliance
 j - a potion of flight
 o - 3 potions of lignification
 q - a potion of might
 s - a potion of curing {@q1}
 u - a potion of haste
Comestibles
 c - 10 rations
 H - 2 chunks of flesh


   Skills:
 + Level 6.3 Fighting
 * Level 8.6 Axes
 + Level 4.9 Armour
 - Level 1.5 Dodging
 + Level 8.6 Stealth


You had 8 spell levels left.
You didn't know any spells.
Your spell library contained the following spells:

 Spells                   Type           Power        Failure   Level  Hunger
 Apportation              Tloc           #.....       100%        1    ##.....
 Throw Frost              Conj/Ice       #.....       100%        2    ###....
 Summon Small Mammal      Summ           #...         100%        1    ##.....
 Animate Skeleton         Necr           N/A          100%        1    ##.....
 Freeze                   Ice            #...         100%        1    ##.....
 Summon Ice Beast         Ice/Summ       #.......     100%        4    #####..
 Ozocubu's Armour         Chrm/Ice       #.......     100%        3    ####...
 Throw Icicle             Conj/Ice       #.......     100%        4    #####..
 Confusing Touch          Hex            #.....       100%        1    ##.....


Dungeon Overview and Level Annotations

Branches:
Dungeon (9/15)             Temple (0/1) D:4
   Lair: D:8-11         Orc: D:9-12

Altars:
Ashenzari
Cheibriados
Hepliaklqana
Okawaru
Uskayaw
Vehumet
Zin
Beogh

Shops:
D:8 (   D:9 %

Annotations:
D:5 3 runed doors, adept's ghost, novice GnNe
D:8 2 transporters, Amnesiac's ghost, novice SpFi


Innate Abilities, Weirdness & Mutations

You cannot wear boots.
Your serpentine skin is tough. (AC +3)
You have supernaturally acute eyesight. (SInv)
Armour fits poorly on your strangely shaped body.
Your system is resistant to poisons. (rPois)
You cover ground very slowly.
You have a slow metabolism.
You can spit poison.


Message History

The death yak gores you.
* * * LOW HITPOINT WARNING * * *
You barely miss the death yak.
The death yak is lightly wounded.
The death yak barely misses you.
You hit the death yak.
Lightning courses through the death yak!
The death yak is moderately wounded.
The death yak barely misses you.
Press: ? - help, Shift-Dir - straight line, f - death yak
Aim: a death yak (moderately wounded, poisoned)
Okay, then.
You fail to use your ability.
The death yak gores you!!
* * * LOW HITPOINT WARNING * * *
Your black bear goes berserk!
You are near starving!
You can no longer call in reinforcements.
The death yak gores you!
You die...

#...........## ##.
##......####.######..
###...## ##........
#...# ###...... #..##
###.... #..# ##...
#..# ##.# #.h# #.#
#@Y# #.# #...# #.#
#...# #.# #...# ##.#
#...# #... #..## #...
#..# ##.. #..# ###


You could see a death yak and a friendly black bear (berserk).

Vanquished Creatures
  A troll (D:9)
  Grinder (D:4)
  A hippogriff (D:9)
  An ice beast (D:9)
  An orc warrior (D:6)
  A sky beast (D:9)
  A hornet zombie (D:8)
  2 ogres
  A phantom (D:6)
  A bullfrog (D:9)
  4 killer bees (D:8)
  2 scorpions
  3 howler monkeys
  A crimson imp (D:6)
  A bullfrog zombie (D:9)
  4 jellies
  An orc priest (D:5)
  A bullfrog skeleton (D:4)
  3 centaur skeletons
  2 hounds
  2 iguanas
  3 orc wizards
  3 worker ants
  A hound zombie (D:8)
  A hound skeleton (D:9)
  A howler monkey zombie (D:9)
  4 gnolls (D:7)
  10 adders
  2 shadow imps
  5 oozes (D:8)
  A leopard gecko (D:7)
  17 orcs
  2 giant cockroaches
  5 goblins
  4 hobgoblins
  7 jackals
  2 quokkas
  3 bats
  A frilled lizard (D:1)
  2 kobolds
  4 rats
113 creatures vanquished.

Notes
Turn   | Place    | Note
-------+----------+-------------------------------------------
     0 | D:1      | iamserjio the Naga Berserker began the quest for the Orb.
     0 | D:1      | Reached XP level 1. HP: 21/21 MP: 1/1
   238 | D:3      | Reached skill level 1 in Stealth
   238 | D:3      | Reached XP level 2. HP: 28/28 MP: 2/2
   248 | D:3      | Reached XP level 3. HP: 17/34 MP: 3/3
   432 | D:3      | Reached ** piety under Trog
   448 | D:3      | Found a faded altar of an unknown god.
   531 | D:4      | Reached XP level 4. HP: 35/42 MP: 4/4
   635 | D:4      | Reached XP level 5. HP: 49/49 MP: 3/5
   678 | D:4      | Found a staircase to the Ecumenical Temple.
   720 | D:5      | Entered Level 5 of the Dungeon
   826 | D:4      | Reached XP level 6. HP: 39/57 MP: 4/6
   862 | D:4      | Noticed Grinder
   867 | D:4      | Killed Grinder
   867 | D:4      | Reached skill level 5 in Axes
   867 | D:4      | Reached XP level 7. HP: 43/64 MP: 7/7
  1007 | D:5      | Reached skill level 5 in Stealth
  1059 | D:5      | Found a runed gate.
  1064 | D:5      | Found a runed gate.
  1067 | D:5      | Found a runed gate.
  1067 | D:5      | Noticed adept's ghost (novice GnNe)
  1069 | D:5      | Found a roughly hewn altar of Beogh.
  1140 | D:6      | Reached XP level 8. HP: 62/73 MP: 5/8
  1190 | D:6      | Found a radiant altar of Vehumet.
  1407 | D:6      | Reached skill level 5 in Fighting
  1450 | D:6      | Found a snail-covered altar of Cheibriados.
  1451 | D:6      | Found a hazy altar of Hepliaklqana.
  1454 | D:6      | Reached *** piety under Trog
  1652 | D:7      | Found an iron altar of Okawaru.
  1652 | D:7      | Found a radiant altar of Vehumet.
  1654 | D:7      | Found a shattered altar of Ashenzari.
  1790 | D:7      | Found a hide-covered altar of Uskayaw.
  1790 | D:7      | Found a glowing silver altar of Zin.
  1810 | D:8      | Noticed Amnesiac's ghost (novice SpFi)
  1811 | D:8      | Found a transporter.
  1814 | D:8      | Found a transporter.
  1862 | D:8      | Found Ruahay's Antique Weapon Boutique.
  1881 | D:8      | Reached XP level 9. HP: 25/82 MP: 4/9
  1887 | D:8      | Bought a smoking dire flail for 225 gold pieces
  1887 | D:8      | Identified the +1 dire flail "Paasita" {chaos, Str+3} (You bought it in a shop on level 8 of the Dungeon)
  2059 | D:9      | Found Nevuemu's Food Shop.
  2124 | D:8      | Got a warped tin ring
  2155 | D:9      | Identified the ring "Betug" {rF+ AC+4} (You found it on level 8 of the Dungeon)
  2262 | D:9      | Noticed a troll
  2273 | D:9      | Killed a troll
  2287 | D:9      | Reached **** piety under Trog
  2288 | D:9      | Noticed a death yak
  2288 | D:9      | Noticed a death yak
  2289 | D:9      | Noticed a death yak
  2289 | D:9      | Noticed a death yak
  2289 | D:9      | Noticed a death yak
  2290 | D:9      | Noticed a troll
  2292 | D:9      | Noticed a death yak
  2301 | D:8      | Slain by a death yak

Vault maps used:
D:1:      lightli_arrival_farm
D:2:      uniq_terence
D:3:      first_ration, chequers_ecumenical_altar_simple_redux
D:4:      minmay_temple_entry_grid, uniq_grinder
D:5:      lightli_temple_of_fire, biasface_ghost_orc_armoury
D:6:      gammafunk_temple_overflow_statue, vehumet_altar_wand_db
D:7:      nicolae_overflow_hidden_temple, uniq_menkaure
D:8:      serial_shops, shop, gammafunk_ghost_arena,
          hangedman_little_slice_of_home
D:9:      dpeg_lair_monsters, serial_shops, nicolae_shop_crystal,
          nrook_mini_vaults

Skill      XL: |  1  2  3  4  5  6  7  8  9 |
---------------+----------------------------+-----
Stealth        | 1 2 3 4 5 7 8 |  8.6
Armour         | 2 3 4 |  4.9
Axes           | 4 5 6 7 8 |  8.6
Fighting       | 4 5 6 |  6.3
Dodging        | |  1.5

Action                   |  1- 3 |  4- 6 |  7- 9 || total
-------------------------+-------+-------+-------++-------
Melee: Hand axe          |    62 |    54 |   224 ||   340
       Dire flail        |       |       |    37 ||    37
Invok: Berserk           |     3 |     2 |     8 ||    13
       Trog's Hand       |       |       |     2 ||     2
       Brothers in Arms  |       |       |     1 ||     1
 Abil: Spit Poison       |    12 |       |     5 ||    17
Evoke: Wand              |       |     4 |     1 ||     5
  Use: Scroll            |       |       |    11 ||    11
 Stab: Sleeping          |     1 |       |       ||     1
  Eat: Chunk             |     2 |     1 |     7 ||    10
       Ration            |       |       |     2 ||     2
Armor: Animal skin       |    27 |       |       ||    27
       Plate armour      |       |    60 |   155 ||   215
Dodge: Dodged            |    58 |    23 |   103 ||   184

Table legend:
 A = Spawn XP
 B = Non-spawn XP
 C = Spawn XP percentage of total XP
 D = Spawn monster count
 E = Non-spawn monster count
 F = Spawn count percentage of total count
 G = Total turns spent on level
                    A         B        C        D         E        F      G
               +---------+---------+-------+---------+---------+-------+---------
         Total |       0 |    3611 |   0.0 |       0 |     113 |   0.0 |  2301
               +---------+---------+-------+---------+---------+-------+---------
           D:1 |       0 |      13 |   0.0 |       0 |       9 |   0.0 |   109
           D:2 |       0 |      13 |   0.0 |       0 |       7 |   0.0 |   215
           D:3 |       0 |      52 |   0.0 |       0 |      10 |   0.0 |   153
           D:4 |       0 |     692 |   0.0 |       0 |      15 |   0.0 |   418
           D:5 |       0 |     265 |   0.0 |       0 |      15 |   0.0 |   219
           D:6 |       0 |     582 |   0.0 |       0 |      15 |   0.0 |   414
           D:7 |       0 |     132 |   0.0 |       0 |      12 |   0.0 |   170
           D:8 |       0 |     653 |   0.0 |       0 |      17 |   0.0 |   405
           D:9 |       0 |    1209 |   0.0 |       0 |      13 |   0.0 |   198
               +---------+---------+-------+---------+---------+-------+---------
